 Dungeon Crawl Stone Soup version 0.21.1-1-g345015f (webtiles) character file.

179 JrNeurotic the Sneak (level 5, -2/36 HPs)
             Began as an Octopode Assassin on July 9, 2018.
             Slain by a hound (5 damage)
             ... on level 4 of the Dungeon.
             The game lasted 00:29:11 (1789 turns).

JrNeurotic the Sneak (Octopode Assassin)            Turns: 1789, Time: 00:29:12

Health: -2/36      AC:  1    Str: 11    XL:     5   Next: 59%
Magic:  5/5        EV: 13    Int: 18    God:
Gold:   142        SH:  0    Dex: 14    Spells: 4/4 levels left

rFire    . . .     SeeInvis .   a - +5 dagger
rCold    . . .     Gourm    .   (no shield)
rNeg     . . .     Faith    .   (helmet restricted)
rPois    .         Spirit   .   n - amulet of regeneration
rElec    .         Reflect  .   g - ring of wizardry
rCorr    .         Harm     .   q - ring of teleportation
MR       .....     Rnd*Tele +   (no ring)
Stlth    +++++.....             (no ring)
HPRegen  0.52/turn              (no ring)
MPRegen  0.09/turn              (no ring)
                                (no ring)
                                (no ring)

@: brilliant, lethally poisoned (-2 -> -3)
A: almost no armour, stealthy swim, amphibious, 8 rings, constrict 8, camouflage
1, gelatinous body 1
a: no special abilities


You were on level 4 of the Dungeon.
You were not hungry.

You visited 1 branch of the dungeon, and saw 4 of its levels.

You collected 142 gold pieces.

Inventory:

Hand Weapons
 a - a +5 dagger (weapon)
 b - a +0 blowgun
 k - a -3 short sword
Missiles
 c - 43 poisoned needles
 d - 2 curare-tipped needles
 o - 13 javelins (quivered)
Jewellery
 g - a ring of wizardry (left tentacle)
 n - an amulet of regeneration (around mantle)
 q - a ring of teleportation (right tentacle)
Scrolls
 l - 2 scrolls of identify
Potions
 e - a potion of heal wounds {unknown}
 i - a potion of agility {unknown}
 m - a potion of haste {unknown}
 p - a potion of mutation {unknown}
 r - a potion of invisibility {unknown}
Comestibles
 f - 10 rations


   Skills:
 * Level 3.1 Fighting
 + Level 2.6 Short Blades
 + Level 2.0 Throwing
 * Level 2.0 Dodging
 * Level 7.5 Stealth


You had 4 spell levels left.
You didn't know any spells.

Dungeon Overview and Level Annotations

Branches:
Dungeon (4/15)
 Temple: D:4-7

Altars:
Ashenzari
Elyvilon
Fedhas
Ru
Trog
Wu Jian


Innate Abilities, Weirdness & Mutations

You cannot wear most types of armour.
You are very stealthy in the water. (Stealth+)
You are amphibious.
You can wear up to eight rings at the same time.
You can use your tentacles to constrict eight enemies at once.
Your skin changes colour to match your surroundings (Stealth+).
Your rubbery body absorbs attacks. (AC +1, EV +1)


Message History

The adder bites you.
You are poisoned.
The adder poisons you!
You hit the orc. You grab the orc.
The orc is moderately wounded.
You constrict the orc.
You feel sick. The adder barely misses you. The orc hits you with a mace.
The hound bites you.
You release your grip on the orc.
A phantom comes into view.
The hound barely misses you.
The orc priest mumbles some strange prayers to Beogh against you.
Beogh smites you!
* * * LOW HITPOINT WARNING * * *
An adder comes into view.
The hound bites you.
* * * LOW HITPOINT WARNING * * *
It was a potion of brilliance.
You feel clever all of a sudden. The hound bites you.
You die...

### . #.#####.##...# .
#..W..@..#...#
##.#######h....S#
#..[...oo.<.#...#####
#......o†##.o......?######
#.......$####............
#.........# #).?.><....
#........o###.#......#
#..........#(.S..##..####
#..#.##.#....##.###....h#


You could see a phantom, a hound, an adder (wandering) and an orc.

Vanquished Creatures
  A hound (D:4)
  An orc wizard (D:4)
  4 adders
  An ooze (D:2)
  2 worms (D:2)
  A leopard gecko (D:3)
  An orc (D:2)
  A bat skeleton (D:2)
  5 giant cockroaches
  6 goblins
  6 hobgoblins
  11 jackals
  2 quokkas (D:2)
  2 ball pythons
  5 bats
  5 frilled lizards
  A jackal zombie (D:2)
  6 kobolds
  8 rats
69 creatures vanquished.

Notes
Turn   | Place    | Note
-------+----------+-------------------------------------------
     0 | D:1      | JrNeurotic the Octopode Assassin began the quest for the Orb.
     0 | D:1      | Reached XP level 1. HP: 14/14 MP: 1/1
    56 | D:1      | Reached XP level 2. HP: 19/19 MP: 2/2
   179 | D:1      | Reached skill level 6 in Stealth
   754 | D:2      | Reached XP level 3. HP: 21/24 MP: 3/3
   901 | D:2      | Found a transporter.
   910 | D:2      | Found a sacrificial altar of Ru.
   911 | D:2      | Found a transporter.
   937 | D:2      | Found an ornate altar of the Wu Jian Council.
   938 | D:2      | Found a white marble altar of Elyvilon.
   989 | D:2      | Reached XP level 4. HP: 26/29 MP: 4/4
  1066 | D:2      | Found a bloodstained altar of Trog.
  1294 | D:2      | Found a shattered altar of Ashenzari.
  1360 | D:3      | Reached skill level 7 in Stealth
  1376 | D:3      | Found a blossoming altar of Fedhas.
  1769 | D:4      | Reached XP level 5. HP: 31/35 MP: 5/5
  1787 | D:4      | Noticed a phantom
  1789 | D:4      | Slain by a hound

Skill      XL: |  1  2  3  4  5 |
---------------+----------------+-----
Stealth        | 6 7 |  7.5
Fighting       | 3 |  3.1
Dodging        | 2 |  2.0
Short Blades   | |  2.6
Throwing       | |  2.0

Action                   |  1- 3 |  4- 6 || total
-------------------------+-------+-------++-------
Melee: Dagger            |    72 |    50 ||   122
       Constrict         |    23 |    15 ||    38
       Tentacles         |    11 |     9 ||    20
 Fire: Blowgun           |     3 |       ||     3
  Use: Scroll            |     6 |     2 ||     8
       Potion            |       |     1 ||     1
 Stab: Sleeping          |     8 |     9 ||    17
       Distracted        |     1 |       ||     1
  Eat: Chunk             |       |     3 ||     3
Armor: Skin              |     8 |     2 ||    10
Dodge: Dodged            |    35 |    29 ||    64
